cohdb
Replays
Latest Replays
All Replays
Popular Replays
Top Player Replays
Match Explorer
How It Works
Community
CoH3 Stats
Reddit
Sign in to upload your games and track your stats! →
Sign in with Steam
Match 44797920
Unlisted
Match 44797920
Overview
Messages
Build Orders
End
Selects Luftwaffe Battlegroup
Selects Luftwaffe Pioneer Support
Fallschirmpioneer Squad Paradrop
Construct Infanterie Kompanie
Fallschirmpioneer Squad Paradrop
Fallschirmpioneer Squad Paradrop
Medical Station
Fallschirmpioneer Squad Paradrop
Selects Flak 38 Anti-Air Emplacement
MG 42 Machine Gun Team
Construct Panzergrenadier Kompanie
[DGG] .I.
Fupped
Michael Bolton
Orhan Gencebay
Azer Bülbül
Nu Brisingr
0
0
Comments
sign in to comment!
No comments posted yet!